 Dungeon Crawl Stone Soup version 0.27-a0-124-g19cb506db8 (webtiles) character file.

Game seed: 2638156974615252958

28 knot the Chopper (level 3, 29/29 HPs)
             Began as a Demonspawn Berserker on Jan 26, 2021.
             Was a Follower of Trog.
             Quit the game on level 2 of the Dungeon.
             The game lasted 00:00:57 (849 turns).

knot the Chopper (Demonspawn Berserker)              Turns: 849, Time: 00:00:58

Health: 29/29      AC:  6    Str: 17    XL:     3   Next: 0%
Magic:  3/3        EV: 11    Int:  9    God:    Trog [*.....]
Gold:   70         SH:  0    Dex: 12    Spells: 2/2 levels left

rFire    . . .     SeeInvis .   a - +0 hand axe
rCold    . . .     Faith    .   (no shield)
rNeg     . . .     Spirit   +   e - +0 ring mail
rPois    .         Reflect  .   (no helmet)
rElec    .         Harm     .   (no cloak)
rCorr    .         Rampage  .   (no gloves)
Will     .....                  (no boots)
Stlth    +.........             (no amulet)
HPRegen  0.09/turn              (no ring)
MPRegen  0.08/turn              (no ring)

@: no status effects
A: magic shield, sharp scales 1
a: Renounce Religion, Berserk


You were on level 2 of the Dungeon.
You worshipped Trog.
Trog was aware of your devotion.
You visited 1 branch of the dungeon, and saw 2 of its levels.

You collected 70 gold pieces.

Inventory:

Hand Weapons
 a - a +0 hand axe (weapon)
Missiles
 c - 12 stones
 i - 26 sling bullets
Armour
 e - a +0 ring mail (worn)
Potions
 d - a potion of flight {unknown}


   Skills:
 - Level 3.0 Fighting
 + Level 3.8 Axes
 - Level 1.7 Armour
 - Level 1.7 Dodging


You had 2 spell levels left.
You didn't know any spells.
Your spell library was empty.

Dungeon Overview and Level Annotations

Branches:
Dungeon (2/15)

Altars:


Innate Abilities, Weirdness & Mutations

When hurt, damage is shared between your health and your magic reserves.
You are partially covered in razor-sharp scales. (AC +1, Slay +1)


Message History

(D) Dungeon
Where to? (? - help)
There is a stone staircase leading down here.
You climb downwards.
A frilled lizard and a leopard gecko come into view.
The frilled lizard hisses angrily.
The leopard gecko hisses angrily.
Found 10 gold pieces.
Found an escape hatch in the ceiling.
There is a stone staircase leading up here.
You hit the leopard gecko.
You kill the leopard gecko!
Trog accepts your kill.
You miss the frilled lizard. The frilled lizard barely misses you.
You have reached level 3!
Your experience leads to an increase in your attributes!
Increase (S)trength, (I)ntelligence, or (D)exterity?
You feel clever.
Your demonic ancestry asserts itself...
Sharp scales grow over part of your body.
Are you sure you want to abandon this character and quit the game? (Confirm with "yes".)
Okay, then.
Are you sure you want to abandon this character and quit the game? (Confirm with "yes".)

.# ...# ..
...
##.###..###
.........
#..#...#
......#
...####.....#
.......<.l.<#
.##.....@...#
............#
###......#..#
#.$....#..#
......... .#
#########. .#
.. # #.


You could see a frilled lizard.

Vanquished Creatures
  An ooze (D:1)
  2 leopard geckos
  A giant cockroach (D:1)
  5 hobgoblins (D:1)
  4 jackals (D:1)
  A bat (D:1)
  2 frilled lizards (D:1)
  2 kobolds (D:1)
  2 rats (D:1)
20 creatures vanquished.

Notes
Turn   | Place    | Note
-------+----------+-------------------------------------------
     0 | D:1      | knot the Demonspawn Berserker began the quest for the Orb.
     0 | D:1      | Reached XP level 1. HP: 18/18 MP: 1/1
    63 | D:1      | Gained mutation: When hurt, damage is shared between your
                  | health and your magic reserves. [demonic ancestry]
    63 | D:1      | Reached XP level 2. HP: 6/24 MP: 2/2
   849 | D:2      | Gained mutation: You are partially covered in razor-sharp
                  | scales. (AC +1, Slay +1) [demonic ancestry]
   849 | D:2      | Reached XP level 3. HP: 29/29 MP: 3/3
   849 | D:2      | Quit the game

Illustrated notes

Levels and vault maps discovered:
D:1:      dpeg_arrival_rooms_b, layout_rooms
D:2:      layout_basic, lemuel_crystal_altar, kennysheep_jessica_study,
          uniq_jessica

Skill      XL: |  1 |
---------------+----+-----
Axes           | 3 |  3.8
Fighting       | |  3.0
Armour         | |  1.7
Dodging        | |  1.7

Action                   || total
-------------------------++-------
Melee: Hand axe          ||    43
Invok: Berserk           ||     1
  Use: Scroll            ||     4
 Stab: Sleeping          ||     1
Armor: Animal skin       ||     4
Dodge: Dodged            ||    29

Table legend: (Time is in decaauts)
 A = Elapsed time spent in this place.
 B = Non-inter-level travel time spent in this place.
 C = Inter-level travel time spent in this place.
 D = Time resting spent in this place.
 E = Time spent auto-exploring this place.
 F = Levels seen in this place.
 G = Mean time per level.
                   A        B        C        D        E       F      G
               +--------+--------+--------+--------+--------+-----+--------+
         Total |    860 |    848 |     12 |    355 |    380 |   2 |  430.0 |
       Dungeon |    860 |    848 |     12 |    355 |    380 |   2 |  430.0 |
               +--------+--------+--------+--------+--------+-----+--------+

Top non-repeatable levels by time:
     D:1: 858 daAuts
     D:2: 2 daAuts
